Map: Ulrena

Players

Dayshi

  • Race: Terran Terran
  • League: Master

FireCake - Winner!

  • Race: Zerg Zerg
  • League: Grandmaster

VOD

Have the link to the VOD?

Description

Drop Queen/Zergling by FireCake against Dayshi during Gamers Assembly

Time

  • Played on: March 27, 2016, 10:56 a.m.
  • Length: 5:05
Show
View Real Time Build Order
Export as new Build Order

Dayshi Terran 

Build Orders: Liberator Opening, Reaper Expand 

Get SALT Encoding   

  12  0:00  SCV  
  13  0:12  SCV  
  14  0:17  Supply Depot  
  14  0:24  SCV  
  15  0:39  SCV  
  15  0:40  Barracks  
  16  0:44  Refinery  
  16  0:51  SCV  
  17  1:03  SCV  
  18  1:15  SCV  
  19  1:26  Reaper  
  19  1:27  Orbital Command  
  20  1:41  Command Center  
  20  1:53  Supply Depot, SCV  
  21  1:58  Marine  
  22  2:04  Factory  
  22  2:08  SCV  
  22  2:13  Refinery  
  23  2:22  Barracks Reactor  
  23  2:23  SCV  
  24  2:35  SCV  
  25  2:47  SCV  
  25  2:51  Starport  
  26  2:53  Orbital Command  
  26  2:54  Factory Tech Lab  
  26  2:59  SCV  
  26  3:04  Marine x2  
  28  3:08  Bunker  
  28  3:11  SCV  
  28  3:12  Supply Depot  
  29  3:18  Siege Tank  
  32  3:21  SCV  
  32  3:23  SCV  
  32  3:25  Liberator  
  32  3:26  Marine  
  35  3:28  Marine  
  36  3:34  SCV  
  36  3:35  SCV  
  38  3:44  Supply Depot  
  38  3:46  SCV  
  38  3:48  SCV  
  43  3:50  Marine x2  
  45  3:57  Barracks  
  45  3:58  SCV  
  45  4:07  SCV  
  45  4:08  Marine x2  
  33  4:18  Hellion  
  33  4:27  Marine x2  
  34  4:44  SCV x2  
  23  4:46  Marine  
  23  4:52  Supply Depot  
Show
View Real Time Build Order
Export as new Build Order

FireCake Zerg - Winner!

Build Orders: Pool First 

Get SALT Encoding   

  12  0:00  Drone  
  13  0:08  Drone  
  14  0:18  Overlord  
  14  0:22  Extractor  
  14  0:23  Drone  
  15  0:36  Drone x2  
  17  0:46  Spawning Pool  
  17  0:48  Drone  
  17  0:54  Drone  
  18  1:11  Hatchery  
  18  1:13  Extractor  
  18  1:17  Drone  
  17  1:20  Drone  
  18  1:32  Queen  
  20  1:34  Drone  
  21  1:40  Overlord  
  21  1:50  Drone  
  22  2:00  Drone  
  23  2:08  Queen  
  25  2:12  Drone  
  25  2:15  Metabolic Boost  
  26  2:23  Queen  
  26  2:24  Drone  
  30  2:30  Drone  
  30  2:37  Overlord  
  30  2:42  Zergling x8  
  34  2:50  Pneumatized Carapace  
  34  2:52  Evolution Chamber  
  34  2:58  Zergling x6  
  36  3:06  Zergling x2  
  37  3:14  Zergling x8  
  41  3:25  Overlord  
  41  3:27  Zergling x2  
  41  3:28  Zergling x2  
  43  3:34  Zergling x2  
  44  3:45  Zergling x12  
  50  3:50  Overlord  
  50  3:52  Zergling x2  
  49  4:03  Zergling x2  
  49  4:04  Zergling x2  
  49  4:08  Zergling x4  
  48  4:15  Zergling x2  
  48  4:16  Zergling x4  
  50  4:29  Zergling x2  
  50  4:30  Zergling x4  
  49  4:41  Zergling x8  
  49  4:45  Zergling x2  
Tags
 
Add a new tag
Caveats
  • Supply blocks, unpowered buildings, or Contaminate may cause inaccurate times.
  • Supply counts are checked every 10 seconds.